 Dungeon Sprint DCSS version 0.23-a0-666-g28d4f2f0af (webtiles) character file.

437 Denreik the Fighter (level 7, -1/70 HPs)
             Began as a Formicid Fighter on Jan 8, 2019.
             Slain by a tyrant leech (14 damage)
             ... in the Dungeon (Sprint II: "The Violet Keep of Menkaure").
             The game lasted 00:02:37 (628 turns).

Denreik the Fighter (Formicid Fighter)               Turns: 628, Time: 00:02:37

Health: -1/70      AC:  6    Str: 27    XL:     7   Next: 21%
Magic:  7/7        EV: 11    Int:  8    God:
Gold:   486        SH: 13    Dex: 10    Spells: 6/6 levels left

rFire    . . .     SeeInvis +   a - +0 quarterstaff
rCold    . . .     Gourm    .   c - +0 shield
rNeg     . . .     Faith    .   b - +0 scale mail
rPois    .         Spirit   .   (helmet unavailable)
rElec    .         Reflect  .   (no cloak)
rCorr    .         Harm     .   (no gloves)
MR       .....                  (no boots)
Stlth    ..........             (no amulet)
HPRegen  0.21/turn              (no ring)
MPRegen  0.10/turn              (no ring)

@: mighty
A: permanent stasis, dig shafts and tunnels, four strong arms, antennae 3
a: Dig


You were in the Dungeon.
You were not hungry.

You visited 1 branch You collected 486 gold pieces.

Inventory:

Hand Weapons
 a - a +0 quarterstaff (weapon)
Armour
 b - a +0 scale mail (worn)
 c - a +0 shield (worn)
Scrolls
 k - a scroll of blinking
Potions
 g - a potion of heal wounds
 h - a potion of haste
 i - 2 potions of magic
 j - a potion of berserk rage
Comestibles
 f - a ration


   Skills:
 - Level 12.0 Fighting
 - Level 2.0 Staves
 - Level 3.2 Armour
 * Level 2.6 Dodging
 - Level 11.1 Shields


You had 6 spell levels left.
You didn't know any spells.
Your spell library was empty.

Dungeon Overview and Level Annotations

Branches:
Dungeon (1/1)

Altars:


Innate Abilities, Weirdness & Mutations

You cannot be hasted, slowed, berserked, paralysed or teleported.
You can dig through walls and to a lower floor.
Your four strong arms can wield two-handed weapons with a shield.
You have a pair of large antennae on your head. (SInv)


Message History

You sock the tyrant leech!
The tyrant leech is moderately wounded.
You block the tyrant leech's attack.
You miss the tyrant leech.
The tyrant leech is moderately wounded.
The tyrant leech bites you!
The tyrant leech draws strength from your injuries!
You thump the tyrant leech!
The tyrant leech is heavily wounded.
The tyrant leech bites you!
The tyrant leech draws strength from your injuries!
Your scale mail prevents you from hitting the tyrant leech.
The tyrant leech is heavily wounded.
The tyrant leech bites you!!
* * * LOW HITPOINT WARNING * * *
The tyrant leech draws strength from your injuries!
You closely miss the tyrant leech.
The tyrant leech is moderately wounded.
The tyrant leech bites you!
You die... { { ## ## { .# #. { # H#H

### ##. #+#
#.##
#..$##.###..#
{ #w@<.'.##+
#..w##.###..#
##. ##'###.##
# ##.#.####
#..#..#
##...## {
##+##


You could see 2 tyrant leeches.

Vanquished Creatures
  4 necrophages (D)
  4 worker ants (D)
8 creatures vanquished.

Vanquished Creatures (others)
  A crocodile (D)
1 creature vanquished.

Grand Total: 9 creatures vanquished

Notes
Turn   | Place    | Note
-------+----------+-------------------------------------------
     0 | D        | Denreik the Formicid Fighter began the quest for the Orb.
     0 | D        | Reached XP level 1. HP: 18/18 MP: 1/1
     1 | D        | Noticed a tyrant leech
     1 | D        | Noticed a tyrant leech
     4 | D        | Noticed a necrophage
     4 | D        | Noticed a necrophage
     4 | D        | Noticed a necrophage
     4 | D        | Noticed a necrophage
    15 | D        | Killed a necrophage
    15 | D        | Reached skill level 9 in Fighting
    15 | D        | Reached XP level 2. HP: 11/35 MP: 2/2
    15 | D        | Reached XP level 3. HP: 13/41 MP: 3/3
    15 | D        | Reached XP level 4. HP: 15/47 MP: 4/4
    31 | D        | Killed a necrophage
    31 | D        | Reached skill level 10 in Fighting
    31 | D        | Reached XP level 5. HP: 19/53 MP: 5/5
    36 | D        | Killed a crocodile
    37 | D        | Killed a necrophage
    37 | D        | Reached skill level 11 in Fighting
    37 | D        | Reached XP level 6. HP: 15/60 MP: 6/6
    43 | D        | Killed a necrophage
    43 | D        | Reached skill level 10 in Shields
   294 | D        | Reached XP level 7. HP: 58/66 MP: 7/7
   303 | D        | Reached skill level 12 in Fighting
   312 | D        | Reached skill level 1 in Dodging
   612 | D        | Noticed a hippogriff
   612 | D        | Noticed a hippogriff
   628 | D        | Slain by a tyrant leech

Vault maps used:
D:        the_violet_keep_of_menkaure

Skill      XL: |  1  2  3  4  5  6  7 |
---------------+----------------------+-----
Fighting       | 9 10 11 12 | 12.0
Shields        | 7 9 10 11 | 11.1
Dodging        | 2 |  2.6
Staves         | |  2.0
Armour         | |  3.2

Action                   |  1- 3 |  4- 6 |  7- 9 || total
-------------------------+-------+-------+-------++-------
Melee: Quarterstaff      |    10 |    30 |    29 ||    69
  Use: Potion            |       |       |     2 ||     2
Armor: Scale mail        |       |    10 |     3 ||    13
Dodge: Dodged            |     5 |     4 |     7 ||    16
Block: Shield            |     2 |    14 |     8 ||    24

Table legend:
 A = Non-vault XP
 B = Vault XP
 C = Vault XP percentage of total XP
 D = Non-vault monster count
 E = Vault monster count
 F = Vault count percentage of total count
                 A         B        C        D         E       F
            +---------+---------+-------+---------+---------+-------
      Total |       0 |     625 | 100.0 |       0 |       8 | 100.0
            +---------+---------+-------+---------+---------+-------
          D |       0 |     625 | 100.0 |       0 |       8 | 100.0
            +---------+---------+-------+---------+---------+-------
